 Seeded DCSS version 0.27-a0-789-g6bb3289e1e (webtiles) character file.

Game seed: 20210326 (custom seed)

923 Snicker the Covert (level 8, -2/51 HPs)
             Began as an Octopode Brigand on Mar 26, 2021.
             Was an Initiate of Vehumet.
             Slain by an acid dragon (10 damage)
             ... on level 6 of the Dungeon on Mar 27, 2021.
             The game lasted 00:07:11 (3818 turns).

Snicker the Covert (Octopode Brigand)               Turns: 3818, Time: 00:07:11

Health: -2/51      AC:  1    Str: 11    XL:     8   Next: 10%
Magic:  8/8        EV: 13    Int: 13    God:    Vehumet [......]
Gold:   150        SH:  0    Dex: 15    Spells: 7/7 levels left

rFire    . . .     SeeInvis .   a - +2 short sword (drain)
rCold    . . .     Faith    .   (no shield)
rNeg     . . .     Spirit   .   (helmet restricted)
rPois    .         Reflect  .   (no amulet)
rElec    .         Harm     .   (no ring)
rCorr    .         Rampage  .   (no ring)
Will     .....                  (no ring)
Stlth    ++++++....             (no ring)
HPRegen  0.17/turn              (no ring)
MPRegen  0.11/turn              (no ring)
                                (no ring)
                                (no ring)

@: no status effects
A: almost no armour, amphibious, 8 rings, camouflage 1, gelatinous body 1,
nimble swimmer 1, tentacles, tentacle spike 1, MP-powered wands
a: Renounce Religion


You were on level 6 of the Dungeon.
You worshipped Vehumet.
Vehumet was noncommittal.
You visited 2 branches of the dungeon, and saw 7 of its levels.

You collected 150 gold pieces.

Inventory:

Hand Weapons
 a - a +2 short sword of draining (weapon)
 h - a +2 dagger
Missiles
 b - 25 poisoned darts
 c - a curare-tipped dart (quivered)
 f - 4 atropa-tipped darts
Scrolls
 d - 3 scrolls of identify {unknown}
 g - 2 scrolls of teleportation {unknown}
 k - a scroll of enchant weapon {unknown}
 l - a scroll of enchant armour {unknown}
 n - 2 scrolls of amnesia {unknown}
Potions
 e - 3 potions of mutation
 i - 2 potions of resistance {unknown}
 m - a potion of brilliance {unknown}


   Skills:
 + Level 2.6 Fighting
 * Level 5.1 Short Blades
 + Level 2.2 Throwing
 + Level 2.0 Dodging
 * Level 11.1 Stealth


You had 7 spell levels left.
You didn't know any spells.
Your spell library was empty.

Dungeon Overview and Level Annotations

Branches:
Dungeon (6/15)             Temple (1/1) D:5

Altars:
Ashenzari
Dithmenos
Elyvilon
Fedhas
Makhleb
Qazlal
Ru
Sif Muna
Trog
Uskayaw
Vehumet
Wu Jian
Zin

Shops:
D:1 [   D:2 *

Annotations:
D:3 Grinder


Innate Abilities, Weirdness & Mutations

You cannot wear most types of armour.
You are amphibious.
You can wear up to eight rings at the same time.
Your skin changes colour to match your surroundings (Stealth+).
Your rubbery body absorbs attacks. (AC +1, EV +1)
You are stealthy while swimming. (Stealth+)
You have tentacles for arms and can constrict up to eight enemies at once.
One of your tentacles bears a spike.
You expend magic power (3 MP) to strengthen your wands.


Message History

There is an open door here.
An acid dragon comes into view.
An acid dragon is nearby!
An acid dragon is nearby!
Found 5 poisoned darts.
There is a stone staircase leading down here.
The acid dragon roars!
The acid dragon bites you! The acid dragon claws you.
You hit the acid dragon. You drain the acid dragon.
The acid dragon is lightly wounded.
The acid dragon spits acid at you. The splash of acid hits you!
You are splashed with acid!
You hear an angry hiss.
Throw: 2 darts (curare)
Press: ? - help, Q - select action, (/) - cycle Shift-Dir - straight line, f - acid dragon
Aim: an acid dragon (lightly wounded, catching its breath, lightly drained, 60% to hit)
You throw a curare-tipped dart.
The curare-tipped dart hits the acid dragon.
The acid dragon is lightly wounded.
You feel better. The acid dragon closely misses you.
The acid dragon misses you.
A water moccasin comes into view.
You barely miss the acid dragon.
You pierce the acid dragon, but do no damage.
The acid dragon is lightly wounded.
The acid dragon spits acid at you. The splash of acid hits you!
You are splashed with acid!
* * * LOW HITPOINT WARNING * * *
You feel better. The acid dragon bites you!
* * * LOW HITPOINT WARNING * * *
The acid dragon barely misses you.
Okay, then.
Unknown command.
Unknown command.
You hit the acid dragon.
You pierce the acid dragon, but do no damage.
You squeeze the acid dragon, but do no damage.
The acid dragon is moderately wounded.
The acid dragon bites you!
You die...

#########....<.#
....#...'......#
....#...#......#
....#...#......#
[...#...#†.....#
....#...#......#
######+##......#####+###
#.......<.....>.........
#...............@D......
#.......................
#.......................
#..................#####
..####....#####..S.#
..#..#....# #....#
..'..#....# +.(..#
..####....# #....# ..#
#....# ####


You could see a water moccasin and an acid dragon (drained).

Vanquished Creatures
  A steam dragon (D:6)
  2 sky beasts (D:6)
  An ogre (D:5)
  A necrophage (D:5)
  2 phantoms
  A water moccasin zombie (D:4)
  A scorpion (D:4)
  A centaur zombie (D:6)
  A bullfrog skeleton (D:5)
  An adder (D:2)
  4 gnolls
  A worm (D:2)
  6 dart slugs
  5 orcs
  A bat (D:2)
  5 endoplasms
  2 giant cockroaches
  8 hobgoblins
  3 jackals (D:3)
  5 quokkas
  4 ball pythons
  2 frilled lizards (D:1)
  6 goblins
  3 kobolds (D:1)
  9 rats
76 creatures vanquished.

Vanquished Creatures (others)
  A kraken (D:1)
  A ghoul (D:1)
  A minotaur (D:1)
  A draconian (D:1)
  2 gargoyles (D:1)
  An elf (D:1)
  A dwarf (D:1)
  An ogre (D:1)
  A centaur (D:1)
  An orc (D:1)
  A kobold (D:1)
  11 tentacles (D:1)
23 creatures vanquished.

Grand Total: 99 creatures vanquished

Notes
Turn   | Place    | Note
-------+----------+-------------------------------------------
     0 | D:1      | Snicker the Octopode Brigand began the quest for the Orb.
     0 | D:1      | Reached XP level 1. HP: 14/14 MP: 1/1
     2 | D:1      | Noticed a minotaur
     2 | D:1      | Noticed a gargoyle
     2 | D:1      | Noticed a gargoyle
     2 | D:1      | Noticed a ghoul
     2 | D:1      | Noticed a ghoul
     2 | D:1      | Noticed a centaur
     2 | D:1      | Noticed a kraken
     2 | D:1      | Noticed a draconian
     2 | D:1      | Noticed a draconian
     2 | D:1      | Noticed a dwarf
     2 | D:1      | Noticed an ogre
     2 | D:1      | Noticed an elf
     2 | D:1      | Noticed a dwarf
     2 | D:1      | Noticed a ghoul
     3 | D:1      | Killed a centaur
     6 | D:1      | Killed a gargoyle
     8 | D:1      | Killed a minotaur
    10 | D:1      | Killed an ogre
    10 | D:1      | Killed a gargoyle
    11 | D:1      | Killed a draconian
    12 | D:1      | Killed an elf
    13 | D:1      | Killed a dwarf
    14 | D:1      | Killed a ghoul
    15 | D:1      | Killed a kraken
   137 | D:1      | Reached skill level 6 in Stealth
   137 | D:1      | Reached XP level 2. HP: 19/19 MP: 2/2
   436 | D:1      | Found Tiwnuturch's Antique Armour Shoppe.
   511 | D:1      | Reached XP level 3. HP: 24/24 MP: 3/3
   802 | D:2      | Found a hide-covered altar of Uskayaw.
   826 | D:2      | Reached skill level 7 in Stealth
   833 | D:2      | Reached XP level 4. HP: 16/29 MP: 4/4
  1088 | D:2      | Noticed a phantom
  1094 | D:2      | Killed a phantom
  1095 | D:2      | Reached skill level 8 in Stealth
  1095 | D:2      | Reached XP level 5. HP: 34/34 MP: 5/5
  1745 | D:2      | Found Fonumusa's General Store.
  2041 | D:3      | Noticed Grinder
  2091 | D:4      | Reached skill level 9 in Stealth
  2091 | D:4      | Reached XP level 6. HP: 28/39 MP: 6/6
  2227 | D:5      | Entered Level 5 of the Dungeon
  2907 | D:5      | Found a staircase to the Ecumenical Temple.
  2972 | Temple   | Entered the Ecumenical Temple
  3059 | Temple   | Became a worshipper of Vehumet
  3122 | D:5      | Noticed a necrophage
  3129 | D:5      | Killed a necrophage
  3130 | D:5      | Reached skill level 10 in Stealth
  3130 | D:5      | Reached XP level 7. HP: 26/45 MP: 7/7
  3162 | D:6      | Gained mutation: One of your tentacles bears a spike.
                  | [potion of mutation]
  3162 | D:6      | Gained mutation: You expend magic power (3 MP) to
                  | strengthen your wands. [potion of mutation]
  3382 | D:6      | Found an ornate altar of the Wu Jian Council.
  3384 | D:6      | Found a shimmering blue altar of Sif Muna.
  3385 | D:6      | Found a sacrificial altar of Ru.
  3586 | D:6      | Noticed a steam dragon
  3596 | D:6      | Killed a steam dragon
  3799 | D:6      | Reached skill level 5 in Short Blades
  3799 | D:6      | Reached skill level 11 in Stealth
  3799 | D:6      | Reached XP level 8. HP: 51/51 MP: 8/8
  3818 | D:6      | Slain by an acid dragon

Illustrated notes

Levels and vault maps discovered:
D:1:      nicolae_arrival_kraken_aquarium_b, layout_basic, serial_shops,
          nicolae_shop_crystal, minmay_pentomino_s4
D:2:      layout_basic, nicolae_overflow_crystal_walls, serial_shops,
          nicolae_shop_waterfront
D:3:      layout_rooms, tso_altar, minivault_24, uniq_grinder
D:4:      layout_basic
D:5:      minmay_skewed_foursquare, layout_layer_cave,
          minmay_temple_entry_glass, serial_shops, shop_statue,
          serial_park_tiny_pond
D:6:      layout_gridville, grunt_temple_overflow_open, gup_sewer_entry_glass
Temple:   regret_index_temple_generic_petals

Skill      XL: |  1  2  3  4  5  6  7 |
---------------+----------------------+-----
Stealth        | 6 7 8 9 10 11 | 11.1
Short Blades   | 3 4 5 |  5.1
Dodging        | 2 |  2.0
Fighting       | |  2.6
Throwing       | |  2.2

Action                   |  1- 3 |  4- 6 |  7- 9 || total
-------------------------+-------+-------+-------++-------
Melee: Dagger            |    32 |       |       ||    32
       Constrict         |    17 |    15 |       ||    32
       Tentacles         |     9 |    12 |     4 ||    25
       Short sword       |    34 |    70 |    22 ||   126
       Kick              |       |       |     8 ||     8
Throw: Dart              |       |     5 |     2 ||     7
  Use: Potion            |       |       |     5 ||     5
 Stab: Sleeping          |     8 |    10 |     3 ||    21
       Distracted        |       |     2 |     1 ||     3
Armor: Skin              |     2 |     3 |       ||     5
Dodge: Dodged            |    29 |    22 |    12 ||    63

Table legend: (Time is in decaauts)
 A = Elapsed time spent in this place.
 B = Non-inter-level travel time spent in this place.
 C = Inter-level travel time spent in this place.
 D = Time resting spent in this place.
 E = Time spent auto-exploring this place.
 F = Levels seen in this place.
 G = Mean time per level.
                   A        B        C        D        E       F      G
               +--------+--------+--------+--------+--------+-----+--------+
         Total |   3807 |   3714 |     93 |    930 |   2130 |   7 |  543.9 |
       Dungeon |   3677 |   3626 |     51 |    930 |   2051 |   6 |  612.8 |
        Temple |    129 |     87 |     42 |      0 |     79 |   1 |  129.0 |
               +--------+--------+--------+--------+--------+-----+--------+

Top non-repeatable levels by time:
     D:2: 1061 daAuts
     D:5: 801 daAuts
     D:1: 766 daAuts
     D:6: 655 daAuts
     D:3: 245 daAuts
     D:4: 147 daAuts
  Temple: 129 daAuts
